 Dungeon Crawl Stone Soup version 0.27-a0-1324-ge0d8e047f6 (webtiles) character file.

Game seed: 13142980840320102107

154 Froggeryz the Cutter (level 5, -15/54 HPs)
             Began as an Octopode Berserker on June 23, 2021.
             Was a Priest of Trog.
             Demolished by an ogre (22 damage)
             ... on level 4 of the Dungeon.
             The game lasted 00:02:17 (3501 turns).

Froggeryz the Cutter (Octopode Berserker)           Turns: 3501, Time: 00:02:17

Health: -15/54     AC:  1    Str: 16    XL:     5   Next: 36%
Magic:  5/5        EV: 13    Int: 10    God:    Trog [***...]
Gold:   156        SH:  0    Dex: 12    Spells: 4/4 levels left

rFire    . . .     SeeInvis .   c - +0 dagger (drain)
rCold    . . .     Faith    .   (no shield)
rNeg     . . .     Spirit   .   (helmet restricted)
rPois    .         Reflect  .   (no amulet)
rElec    .         Harm     .   (no ring)
rCorr    .         Rampage  .   (no ring)
Will     .....                  (no ring)
Stlth    ..........             (no ring)
HPRegen  0.18/turn              (no ring)
MPRegen  0.09/turn              (no ring)
                                (no ring)
                                (no ring)

@: berserking, very quick
A: almost no armour, amphibious, 8 rings, camouflage 1, gelatinous body 1,
(nimble swimmer 1), tentacles
a: Renounce Religion, Berserk, Trog's Hand


You were on level 4 of the Dungeon.
You worshipped Trog.
Trog was most pleased with you.
You visited 1 branch of the dungeon, and saw 4 of its levels.

You collected 156 gold pieces.

Inventory:

Hand Weapons
 c - a +0 dagger of draining (weapon)
Missiles
 j - 20 poisoned darts
 p - 5 silver boomerangs
Jewellery
 o - an amulet of reflection
 q - a ring of protection from fire
Scrolls
 a - a scroll of blinking {unknown}
 b - 2 scrolls of vulnerability {unknown}
 f - a scroll of identify {unknown}
 g - a scroll of magic mapping {unknown}
 i - a scroll of fog {unknown}
 l - a scroll of noise {unknown}
 n - a scroll of enchant weapon {unknown}
 r - a scroll of fear {unknown}
 s - a scroll of holy word {unknown}
Potions
 d - a potion of curing {unknown}
 e - a potion of resistance {unknown}
 h - 2 potions of might {unknown}
 k - 2 potions of degeneration {unknown}
 m - a potion of mutation {unknown}


   Skills:
 - Level 3.0 Fighting
 * Level 5.1 Short Blades
 - Level 3.0 Dodging
 + Level 3.8 Stealth


You had 4 spell levels left.
You didn't know any spells.
Your spell library was empty.

Dungeon Overview and Level Annotations

Branches:
Dungeon (4/15)             Temple (0/1) D:4

Altars:
Kikubaaqudgha
Trog
Wu Jian

Shops:
D:3 (


Innate Abilities, Weirdness & Mutations

You cannot wear most types of armour.
You are amphibious.
You can wear up to eight rings at the same time.
Your skin changes colour to match your surroundings (Stealth+).
Your rubbery body absorbs attacks. (AC +1, EV +1)
((You are camouflaged near water. (Stealth+)))
You have tentacles for arms and can constrict up to eight enemies at once.


Message History

Found a staircase to the Ecumenical Temple.
The endoplasm hits you.
You hit the endoplasm. You drain the endoplasm.
The endoplasm is severely wounded.
The endoplasm freezes you.
You are frozen.
You hit the endoplasm.
You kill the endoplasm!
Trog accepts your kill.
Found 3 gold pieces.
The helpless quokka fails to defend itself.
You impale the quokka!!
You kill the quokka!
Trog accepts your kill.
You hit the kobold. Your grab misses the kobold.
The kobold is severely wounded.
A kobold is nearby!
A kobold is nearby!
You hit the kobold.
You kill the kobold!
Trog accepts your kill.
No target in view!
Key pressed, stopping explore.
No target in view!
HP restored.
You now have 156 gold pieces (gained 3).
An ogre comes into view. It is wielding a +0 giant club.
An ogre is nearby!
An ogre is nearby!
Found a scroll labelled EVUAMABLAWI.
The helpless ogre fails to defend itself.
You impale the ogre!!
The ogre is almost dead.
The ogre hits you with a +0 giant club!!
Ouch! That really hurt!
* * * LOW HITPOINT WARNING * * *
A red film seems to cover your vision as you go berserk!
You feel yourself moving faster!
You feel mighty!
The ogre hits you with a +0 giant club!!
You die...

######....#
.....#....##.#
...............### .# #
.................# .#.#
...............#.##.#.#
...........#...#......
.......##...........####
.....#....#.#....O....?.
........###.#...@.......
......###...##.....#####
##..#........#.....#
#....##..>..##....#
#.....#........#..#
###...##...###....#
##..)#.###......#
#...#.#...######
##......###


You could see an ogre.

Vanquished Creatures
  A gnoll (D:1)
  5 adders
  A dart slug (D:1)
  3 orcs (D:3)
  6 bats
  11 endoplasms
  4 giant cockroaches
  8 goblins
  6 hobgoblins (D:1)
  16 jackals
  4 quokkas
  3 ball pythons
  5 frilled lizards
  4 kobolds
  6 rats
83 creatures vanquished.

Notes
Turn   | Place    | Note
-------+----------+-------------------------------------------
     0 | D:1      | Froggeryz the Octopode Berserker began the quest for the
                  | Orb.
     0 | D:1      | Reached XP level 1. HP: 16/16 MP: 1/1
   115 | D:1      | Reached skill level 1 in Stealth
   117 | D:1      | Reached XP level 2. HP: 19/21 MP: 2/2
   507 | D:1      | Reached XP level 3. HP: 17/26 MP: 3/3
   751 | D:1      | Reached skill level 4 in Short Blades
   809 | D:1      | Reached ** piety under Trog
  1516 | D:1      | Reached XP level 4. HP: 31/31 MP: 4/4
  2364 | D:2      | Found a faded altar of an unknown god.
  2955 | D:3      | Found Ytziomm's Antique Weapon Shoppe.
  2993 | D:3      | Found an ornate altar of the Wu Jian Council.
  2994 | D:3      | Found an ancient bone altar of Kikubaaqudgha.
  3007 | D:3      | Reached XP level 5. HP: 27/36 MP: 5/5
  3109 | D:3      | Found a bloodstained altar of Trog.
  3218 | D:3      | Reached skill level 5 in Short Blades
  3243 | D:3      | Reached *** piety under Trog
  3445 | D:4      | Found a staircase to the Ecumenical Temple.
  3493 | D:4      | Noticed an ogre
  3501 | D:4      | Demolished by an ogre

Illustrated notes

Levels and vault maps discovered:
D:1:      dpeg_arrival_stone_temple_mockup, layout_loops_ring,
          hangedman_decor_lopped, chequers_hall_statues_y, hex_medium,
          st_stairs_8, hangedman_decor_clover_reticule
D:2:      kb_forest_paths, layout_basic, chequers_ecumenical_altar_simple_redux
D:3:      layout_loops_ring, gammafunk_temple_overflow_forgotten, serial_shops,
          shop
D:4:      layout_basic, minmay_temple_entry_slanted, uniq_edmund, uniq_duvessa

Skill      XL: |  1  2  3  4  5 |
---------------+----------------+-----
Stealth        | 1 2 3 |  3.8
Short Blades   | 4 5 |  5.1
Fighting       | |  3.0
Dodging        | |  3.0

Action                   |  1- 3 |  4- 6 || total
-------------------------+-------+-------++-------
Melee: Short sword       |    43 |       ||    43
       Tentacles         |    18 |    12 ||    30
       Constrict         |    20 |    14 ||    34
       Dagger            |    34 |    78 ||   112
Invok: Berserk           |     1 |     1 ||     2
 Stab: Sleeping          |     5 |    20 ||    25
Armor: Skin              |     5 |    10 ||    15
Dodge: Dodged            |    41 |    26 ||    67

Table legend: (Time is in decaauts)
 A = Elapsed time spent in this place.
 B = Non-inter-level travel time spent in this place.
 C = Inter-level travel time spent in this place.
 D = Time resting spent in this place.
 E = Time spent auto-exploring this place.
 F = Levels seen in this place.
 G = Mean time per level.
                   A        B        C        D        E       F      G
               +--------+--------+--------+--------+--------+-----+--------+
         Total |   3479 |   3355 |    124 |      1 |   2937 |   4 |  869.8 |
       Dungeon |   3479 |   3355 |    124 |      1 |   2937 |   4 |  869.8 |
               +--------+--------+--------+--------+--------+-----+--------+

Top non-repeatable levels by time:
     D:1: 1601 daAuts
     D:2: 940 daAuts
     D:3: 850 daAuts
     D:4: 87 daAuts
